 Dungeon Crawl Stone Soup version 0.30-a0-377-g5cb311bc9f (webtiles) character file.

Game seed: 1514474305777603808

2370 scionoferis the Grappler (level 9, -18/88 HPs)
             Began as a Troll Earth Elementalist on Nov 29, 2022.
             Demolished by a komodo dragon (24 damage)
             ... on level 7 of the Dungeon.
             The game lasted 00:20:54 (6044 turns).

scionoferis the Grappler (Troll Earth Elementalist) Turns: 6044, Time: 00:20:55

Health: -18/88     AC: 10    Str: 24    XL:     9   Next: 21%
Magic:  9/9        EV: 10    Int: 15    God:
Gold:   164        SH:  5    Dex: 10    Spells: 9/10 levels left

rFire   . . .      SeeInvis .      - Unarmed
rCold   . . .      Faith    .    (no shield)
rNeg    . . .      Spirit   .    a - +0 robe
rPois   .          Reflect  +    o - +2 hat
rElec   .          Harm     .    (no cloak)
rCorr   .          Rampage  .    (gloves unavailable)
Will    .....                    (boots unavailable)
Stlth   +.........               g - amulet of reflection
HPRegen 1.14/turn                j - +4 ring of protection
MPRegen 0.11/turn                d - +6 ring of strength

@: no status effects
A: large, unfitting armour, claws 3, regeneration 1, shaggy fur 1, tough skin 1
a: no special abilities


You were on level 7 of the Dungeon.
You visited 2 branches of the dungeon, and saw 9 of its levels.

You collected 356 gold pieces.
You spent 192 gold pieces at shops.

Inventory:

Missiles
 k - 4 javelins
 n - 12 poisoned darts (quivered)
 t - 45 stones
 x - 9 curare-tipped darts
 D - a boomerang
Armour
 a - a +0 robe (worn)
 o - a +2 hat (worn)
Jewellery
 d - a +6 ring of strength (right claw)
 g - an amulet of reflection (around neck)
 i - a ring of willpower
 j - a +4 ring of protection (left claw)
 q - a ring of poison resistance
 w - a ring of magical power
 A - an amulet of magic regeneration
Wands
 B - a wand of paralysis (10)
Scrolls
 e - 3 scrolls of teleportation
 f - 2 scrolls of amnesia
 h - a scroll of noise
 l - a scroll of magic mapping
 p - a scroll of fear
 y - a scroll of vulnerability
 z - 2 scrolls of enchant armour
 C - a scroll of immolation
 E - a scroll of poison
Potions
 b - a potion of magic
 c - a potion of ambrosia
 m - a potion of haste {unknown}
 r - 2 potions of mutation {unknown}
 s - a potion of berserk rage {unknown}
 u - 2 potions of brilliance
 v - 4 potions of curing {unknown}


   Skills:
 + Level 5.0 Fighting
 + Level 3.1 Throwing
 + Level 4.1 Dodging
 - Level 1.0 Stealth
 * Level 8.8 Unarmed Combat
 - Level 1.2 Spellcasting
 - Level 0.6 Transmutations
 - Level 2.6 Earth Magic


You had 9 spell levels left.
You knew the following spells:

 Your Spells              Type           Power      Damage    Failure   Level
a - Sandblast             Erth           18%        2d7       8%          1

Your spell library contained the following spells:

 Spells                   Type           Power      Damage    Failure   Level
 Passwall                 Tmut/Erth      4%         N/A       19%         2
 Stone Arrow              Conj/Erth      8%         3d7       38%         3
 Gell's Gravitas          Tloc           0%         N/A       58%         3
 Teleport Other           Tloc           0%         N/A       58%         3
 Petrify                  Tmut/Erth      5%         N/A       77%         4
 Animate Armour           Summ/Erth      8%         N/A       80%         4
 Blade Hands              Tmut           1%         N/A       99%         5
 Dispersal                Tloc           0%         N/A       100%        6
 Iron Shot                Conj/Erth      2%         9d2       100%        6


Dungeon Overview and Level Annotations

Branches:
Dungeon (8/15)             Temple (1/1) D:4
   Lair: D:8-11

Altars:
Dithmenos
Fedhas
Gozag
Hepliaklqana
Makhleb
Nemelex Xobeh
Okawaru
Qazlal
Ru
Trog
Wu Jian
Xom
Yredelemnul
Zin
The Shining One

Shops:
D:5 *

Annotations:
D:5 3 runed translucent doors, exclusion: 2 doors, KennySheep's ghost, amateur DgTm


Innate Abilities, Weirdness & Mutations

You are too large for most types of armour.
You have claws for hands.
Your natural rate of healing is unusually fast.
You are covered in fur. (AC +1)
You have tough skin. (AC +1)


Message History

The komodo dragon easily resists.
Aiming: Paralyse
Press: ? - help, Shift-Dir - straight line, f/p - komodo dragon
Aim: a komodo dragon (moderately wounded, extremely poisoned, chance to affect: 31%)
The komodo dragon easily resists.
Unknown command.
Aiming: Paralyse
Press: ? - help, Shift-Dir - straight line, f/p - komodo dragon
Aim: a komodo dragon (moderately wounded, extremely poisoned, chance to affect: 31%)
The komodo dragon easily resists.
Unknown command.
You scratch the komodo dragon but do no damage.
The komodo dragon is moderately wounded.
The komodo dragon bites you!
You scratch the komodo dragon but do no damage.
The komodo dragon is moderately wounded.
The komodo dragon bites you!!
Aiming: Paralyse
Press: ? - help, Shift-Dir - straight line, f/p - komodo dragon
Aim: a komodo dragon (moderately wounded, very poisoned, chance to affect: 31%)
The komodo dragon easily resists.
The komodo dragon barely misses you.
Aiming: Paralyse
Press: ? - help, Shift-Dir - straight line, f/p - komodo dragon
Aim: a komodo dragon (moderately wounded, very poisoned, chance to affect: 31%)
The komodo dragon easily resists.
The komodo dragon bites you but does no damage.
Aiming: Paralyse
Press: ? - help, Shift-Dir - straight line, f/p - komodo dragon
Aim: a komodo dragon (moderately wounded, very poisoned, chance to affect: 31%)
The komodo dragon easily resists.
The komodo dragon bites you!!
Aiming: Paralyse
Press: ? - help, Shift-Dir - straight line, f/p - komodo dragon
Aim: a komodo dragon (moderately wounded, very poisoned, chance to affect: 31%)
The komodo dragon easily resists.
The komodo dragon bites you!!
* * * LOW HITPOINT WARNING * * *
Aiming: Paralyse
Press: ? - help, Shift-Dir - straight line, f/p - komodo dragon
Aim: a komodo dragon (moderately wounded, very poisoned, chance to affect: 31%)
The komodo dragon easily resists.
The komodo dragon bites you!!
You die...

### ##..##.##.#
##.##..#.#
#..##...# ##..#.#
##.#[#
########..)#####
.............!.###
#####........../###
#.@l..((((.....
#........(.....
#####.####..... #.#
..... ## #.# ....
.. ... .l( #.# ...
#.#


You could see a komodo dragon (very poisoned).

Vanquished Creatures
  Grinder (D:4)
  2 water moccasins (D:6)
  4 ice beasts
  2 sky beasts (D:7)
  A centaur (D:8)
  2 ogres (D:5)
  A phantom (D:5)
  A bullfrog (D:6)
  3 necrophages
  4 wights (D:7)
  A killer bee (D:5)
  2 howler monkeys (D:8)
  2 hounds
  2 orc priests
  Jessica (D:2)
  3 iguanas
  5 orc wizards
  10 adders
  A white imp (D:6)
  3 ufetubi (D:5)
  19 orcs
  6 ball pythons
  2 bats
  5 endoplasms
  4 giant cockroaches
  7 goblins
  4 hobgoblins
  7 jackals
  3 quokkas
  5 frilled lizards
  5 kobolds
  3 rats
121 creatures vanquished.

Notes
Turn   | Place    | Note
-------+----------+-------------------------------------------
     0 | D:1      | scionoferis the Troll Earth Elementalist began the quest
                  | for the Orb.
     0 | D:1      | Reached XP level 1. HP: 16/16 MP: 1/1
   184 | D:1      | Reached skill level 1 in Unarmed Combat
   315 | D:1      | Reached XP level 2. HP: 26/26 MP: 2/2
   692 | D:1      | Found a faded altar of an unknown god.
  1131 | D:2      | Reached skill level 1 in Fighting
  1131 | D:2      | Reached skill level 2 in Unarmed Combat
  1285 | D:2      | Reached XP level 3. HP: 33/33 MP: 3/3
  1394 | D:2      | Noticed Jessica
  1419 | D:2      | Killed Jessica
  1420 | D:2      | Reached skill level 3 in Unarmed Combat
  1420 | D:2      | Reached XP level 4. HP: 41/41 MP: 4/4
  2028 | D:3      | Reached skill level 4 in Unarmed Combat
  2028 | D:3      | Reached XP level 5. HP: 29/49 MP: 5/5
  2180 | D:3      | Found a sacrificial altar of Ru.
  2546 | D:4      | Found an ornate altar of the Wu Jian Council.
  2581 | D:4      | Noticed Grinder
  2678 | D:4      | Found a staircase to the Ecumenical Temple.
  2688 | Temple   | Entered the Ecumenical Temple
  2968 | D:4      | Killed Grinder
  2969 | D:4      | Reached skill level 5 in Unarmed Combat
  2969 | D:4      | Reached XP level 6. HP: 57/59 MP: 6/6
  3144 | D:5      | Entered Level 5 of the Dungeon
  3150 | D:5      | Noticed an ice beast
  3459 | D:5      | Reached skill level 6 in Unarmed Combat
  3459 | D:5      | Reached XP level 7. HP: 67/67 MP: 7/7
  3580 | D:5      | Found Xeetaf's General Store.
  3601 | D:5      | Bought a scroll of identify for 24 gold pieces
  3609 | D:5      | Bought 2 potions of brilliance for 96 gold pieces
  3641 | D:5      | Reached skill level 7 in Unarmed Combat
  3783 | D:5      | Noticed KennySheep's ghost (amateur DgTm)
  3824 | D:5      | Found a runed translucent gate.
  3824 | D:5      | Found a runed translucent gate.
  3824 | D:5      | Found a runed translucent gate.
  4032 | D:5      | Reached XP level 8. HP: 78/78 MP: 8/8
  4304 | D:5      | Bought a scroll of identify for 24 gold pieces
  4304 | D:5      | Bought a scroll of identify for 24 gold pieces
  4304 | D:5      | Bought a scroll of identify for 24 gold pieces
  4384 | D:6      | Reached skill level 1 in Throwing
  5141 | D:6      | Found an iron altar of Okawaru.
  5175 | D:6      | Reached skill level 8 in Unarmed Combat
  5283 | D:6      | You fall into a shaft and drop 2 floors!
  5342 | D:8      | Found a burning altar of Makhleb.
  5451 | D:7      | Reached XP level 9. HP: 87/87 MP: 9/9
  5479 | D:7      | Noticed a komodo dragon
  5959 | D:7      | Reached skill level 5 in Fighting
  6044 | D:7      | Demolished by a komodo dragon

Illustrated notes

Levels and vault maps discovered:
D:1:      dpeg_arrival_connections, layout_basic,
          hellmonk_ecumenical_altar_inner_sanctum, minmay_misc_feat_hallway
D:2:      minmay_chambers_of_twos, layout_loops_cross, uniq_jessica
D:3:      layout_loops_ring, general_overflow_altar
D:4:      layout_cave_pools, nicolae_wu_jian_wuxing_cycle,
          minmay_temple_entry_ruins, uniq_grinder
D:5:      cheibrodos_two_vegetables, layout_basic, gammafunk_ghost_icy,
          serial_shops, nicolae_shop_crystal, glass_columns_a,
          hangedman_abyss_or_decor_stagger
D:6:      layout_layer_cave, kennysheep_mini, kennysheep_minor_cross
D:7:      layout_rooms
D:8:      layout_basic, mainiacjoe_overflow_24_doors,
          mainiacjoe_overflow_chevrons, chequers_temple_overflow_minitemple,
          erik_lair_orcish_takeover, hangedman_decor_points
Temple:   nicolae_temple_ecumenical_triangle

Skill      XL: |  1  2  3  4  5  6  7  8  9 |
---------------+----------------------------+-----
Unarmed Combat | 1 2 3 4 5 6 7 8 |  8.8
Fighting       | 1 2 3 4 5 |  5.0
Dodging        | 2 3 4 |  4.1
Throwing       | 2 3 |  3.1
Stealth        | |  1.0
Spellcasting   | |  1.2
Transmutations | |  0.6
Earth Magic    | |  2.6

Action                   |  1- 3 |  4- 6 |  7- 9 || total
-------------------------+-------+-------+-------++-------
Melee: Unarmed           |    75 |   116 |   168 ||   359
       Punch             |     2 |     2 |     8 ||    12
Throw: Dart              |     2 |     2 |    10 ||    14
       Javelin           |       |     5 |     5 ||    10
Evoke: Wand              |       |       |     8 ||     8
  Use: Potion            |       |     6 |       ||     6
       Scroll            |       |       |     9 ||     9
 Stab: Sleeping          |     2 |     3 |     2 ||     7
Armor: Robe              |    24 |    40 |    55 ||   119
       Skin              |       |    13 |       ||    13
Dodge: Dodged            |    23 |    44 |    56 ||   123
Block: Other             |     5 |    17 |    28 ||    50

Table legend: (Time is in decaauts)
 A = Elapsed time spent in this place.
 B = Non-inter-level travel time spent in this place.
 C = Inter-level travel time spent in this place.
 D = Time resting spent in this place.
 E = Time spent auto-exploring this place.
 F = Levels seen in this place.
 G = Mean time per level.
                   A        B        C        D        E       F      G
               +--------+--------+--------+--------+--------+-----+--------+
         Total |   6023 |   5693 |    330 |     18 |   4317 |   9 |  669.2 |
       Dungeon |   5968 |   5651 |    317 |     18 |   4283 |   8 |  746.0 |
        Temple |     54 |     41 |     13 |      0 |     34 |   1 |   54.0 |
               +--------+--------+--------+--------+--------+-----+--------+

Top non-repeatable levels by time:
     D:6: 1384 daAuts
     D:5: 1206 daAuts
     D:1: 897 daAuts
     D:3: 864 daAuts
     D:2: 806 daAuts
     D:4: 509 daAuts
     D:7: 188 daAuts
     D:8: 111 daAuts
  Temple: 54 daAuts
